AoeStats
← BORN

Fortress

510719293Analyzed
1v1 RM · 23h ago on Oct 2, 2026· 32m 0s· 2 players
Game mode
Random Map
Map size
Small (3 player)
Population
200
Speed
Normal
Resources
Standard
Victory
Conquest
Starting age
Dark Age
Ending age
Imperial Age
RankedLock teamsTeams togetherTeam positionsShared explorationLock speedFull tech treeHidden civsTurbo modeCheats
Victory
Defeat
🇧🇪 Japanese · Belgium
1028
+16
🇪🇸 Franks · Spain
1020
-16
BORN
6:55 Feudal Age
14:29 Castle Age
15:21 Gold Mining
19:56 Imperial Age
19:05 Wheelbarrow
18:42 Double-Bit Axe
21:01 Cavalier
nielsjehaes23
7:14 Feudal Age
8:07 Double-Bit Axe
9:09 Horse Collar
12:12 Castle Age
10:38 Gold Mining
10:53 Scale Mail Armor
11:20 Forging
12:49 Wheelbarrow
12:03 Loom
16:59 Bow Saw
22:06 Chain Mail Armor
29:50 Imperial Age
29:38 Iron Casting
29:53 Hand Cart
29:51 Capped Ram
30:34 Town Watch
Connection lost

Rejoining the realm…

Still unreachable

The connection could not be restored.

Session expired

The server has moved on; the page needs a fresh start.